 Dungeon Crawl Stone Soup version 0.30-a0-55-g90e3122c3a (webtiles) character file.

Game seed: 9066948528579666542

106 porpoise the Ruffian (level 4, -1/45 HPs)
             Began as a Troll Cinder Acolyte on Sept 10, 2022.
             Was a High Priest of Ignis.
             Slain by an ice beast (11 damage)
             ... on level 2 of the Dungeon.
             The game lasted 00:08:40 (1975 turns).

porpoise the Ruffian (Troll Cinder Acolyte)         Turns: 1975, Time: 00:08:41

Health: -1/45      AC:  4    Str: 22    XL:     4   Next: 55%
Magic:  22/22      EV:  9    Int: 10    God:    Ignis [*****.]
Gold:   63         SH:  0    Dex:  7    Spells: 3/5 levels left

rFire   + . .      SeeInvis .      - Unarmed
rCold   . . .      Faith    .    (no shield)
rNeg    . . .      Spirit   .    p - +0 robe
rPois   .          Reflect  .    (helmet restricted)
rElec   .          Harm     .    (no cloak)
rCorr   .          Rampage  .    (gloves unavailable)
Will    .....                    (boots unavailable)
Stlth   +.........               (no amulet)
HPRegen 0.95/turn                c - ring of magical power
MPRegen 0.18/turn                g - ring of magical power

@: no status effects
A: large, unfitting armour, claws 3, regeneration 1, shaggy fur 1, tough skin 1
a: Renounce Religion, Fiery Armour, Foxfire Swarm, Rising Flame


You were on level 2 of the Dungeon.
You worshipped Ignis.
Ignis was extremely pleased with you.
You visited 1 branch of the dungeon, and saw 3 of its levels.

You collected 63 gold pieces.

Inventory:

Hand Weapons
 b - a +0 sling
Missiles
 d - 6 atropa-tipped darts
 f - 6 poisoned darts
 k - 2 javelins (quivered)
Armour
 p - a +0 robe (worn)
Jewellery
 c - a ring of magical power (left claw)
 g - a ring of magical power (right claw)
Scrolls
 h - 4 scrolls of identify {unknown}
 i - 2 scrolls of teleportation {unknown}
 l - a scroll of immolation {unknown}
Potions
 e - a potion of invisibility {unknown}
 j - a potion of attraction {unknown}
 m - a potion of might {unknown}
 n - a potion of curing {unknown}
 o - 2 potions of brilliance {unknown}


   Skills:
 + Level 3.5 Fighting
 + Level 4.3 Unarmed Combat
 - Level 1.0 Spellcasting
 - Level 2.1 Fire Magic


You had 3 spell levels left.
You knew the following spells:

 Your Spells              Type           Power      Damage    Failure   Level
s - Scorch                Fire           8%         2d5       22%         2

Your spell library contained the following spells:

 Spells                   Type           Power      Damage    Failure   Level
 Sting                    Tmut/Pois      0%         1d3       34%         1
 Poisonous Vapours        Pois/Air       0%         N/A       45%         2
 Gell's Gravitas          Tloc           0%         N/A       71%         3
 Teleport Other           Tloc           0%         N/A       71%         3
 Olgreb's Toxic Radiance  Pois           0%         N/A       98%         4
 Dispersal                Tloc           0%         N/A       100%        6


Dungeon Overview and Level Annotations

Branches:
Dungeon (3/15)

Altars:

Shops:
D:2 [


Innate Abilities, Weirdness & Mutations

You are too large for most types of armour.
You have claws for hands.
Your natural rate of healing is unusually fast.
You are covered in fur. (AC +1)
You have tough skin. (AC +1)


Message History

You start putting on your armour.
You continue putting on your +0 robe. x5
You finish putting on your +0 robe.
You drop a +0 robe.
Partly explored, can't reach some places.
(D) Dungeon
Where to? (Enter - D:2 @ (x,y), ? - help)
There is a stone staircase leading down here.
You climb downwards.
There is a stone staircase leading up here.
A rat is nearby!
A rat is nearby!
An ice beast comes into view.
You closely miss the rat. The rat barely misses you.
You scratch the rat but do no damage. The rat completely misses you.
The ice beast attacks as you move away! The ice beast hits you.
The ice beast freezes you!
There is a stone staircase leading up here.
The ice beast hits you. The ice beast freezes you!
You climb upwards.
There is a stone staircase leading down here.
You are too injured to fight recklessly!
You aren't carrying any items that you can evoke.
Unknown command.
Unknown command.
Unknown command.
You claw the ice beast!
The ice beast is severely wounded.
You barely miss the ice beast.
The ice beast is severely wounded.
The ice beast hits you. The ice beast freezes you!
* * * LOW HITPOINT WARNING * * *
You closely miss the ice beast.
The ice beast is severely wounded.
The ice beast closely misses you.
You scratch the ice beast.
The ice beast is almost dead.
The ice beast hits you.
* * * LOW HITPOINT WARNING * * *
The ice beast freezes you!
You die...

#.##########...########..###
# #..........[...# #..# ###
############..#...# #..# #..
.....# #..#..##
######..###.# ####.#
#..#..####........#... #.#
#...........).......#> #.#
#.....####............ #.#
#...Y..............#.# #.#
#.#..@####.#.#........
####.#
#)#.........#........#
.....#
#.#.#.####.#.###.....>
.###########.#.#.# #.#.#
##..#.. ..........##.#.#.#
#.#.# #..#.#
.########.##.#.#.####.#.#
#..#.# ##
#.##......##..#.####..#.# #
#............[.....(..#.# #
#.####.#####..#.........∩


You could see an ice beast.

Vanquished Creatures
  3 gnolls (D:2)
  2 adders
  A worm (D:2)
  2 dart slugs (D:1)
  2 orcs (D:3)
  5 bats
  6 endoplasms
  2 giant cockroaches
  4 goblins
  4 hobgoblins
  3 quokkas
  3 ball pythons
  4 frilled lizards
  7 kobolds
  4 rats
52 creatures vanquished.

Vanquished Creatures (others)
  A plant (D:2)
1 creature vanquished.

Grand Total: 53 creatures vanquished

Notes
Turn   | Place    | Note
-------+----------+-------------------------------------------
     0 | D:1      | porpoise the Troll Cinder Acolyte began the quest for the
                  | Orb.
     0 | D:1      | Reached XP level 1. HP: 22/22 MP: 1/1
   147 | D:1      | Reached XP level 2. HP: 29/29 MP: 2/2
   878 | D:2      | Reached XP level 3. HP: 37/37 MP: 3/3
   888 | D:2      | Learned a level 2 spell: Scorch
  1002 | D:2      | Reached skill level 4 in Unarmed Combat
  1003 | D:2      | Reached XP level 4. HP: 42/45 MP: 4/4
  1242 | D:2      | Found Xuovuqie's Armour Shoppe.
  1308 | D:2      | Found a faded altar of an unknown god.
  1965 | D:3      | Noticed an ice beast
  1975 | D:2      | Slain by an ice beast

Illustrated notes

Levels and vault maps discovered:
D:1:      minmay_arrival_four_loops, layout_basic
D:2:      minmay_wonky_spiral, layout_loops_ring, serial_shops, shop,
          nicolae_ecumenical_lake_church, corexii_leaking_fountain,
          nicolae_grassy_gnolls
D:3:      layout_loops_ring

Skill      XL: |  1  2  3 |
---------------+----------+-----
Fighting       | 3 |  3.5
Unarmed Combat | 4 |  4.3
Spellcasting   | |  1.0
Fire Magic     | |  2.1

Action                   |  1- 3 |  4- 6 || total
-------------------------+-------+-------++-------
Melee: Unarmed           |    60 |    41 ||   101
       Punch             |     1 |     1 ||     2
 Fire: Sling             |     3 |    20 ||    23
Armor: Robe              |    22 |     6 ||    28
Dodge: Dodged            |    31 |    11 ||    42

Table legend: (Time is in decaauts)
 A = Elapsed time spent in this place.
 B = Non-inter-level travel time spent in this place.
 C = Inter-level travel time spent in this place.
 D = Time resting spent in this place.
 E = Time spent auto-exploring this place.
 F = Levels seen in this place.
 G = Mean time per level.
                   A        B        C        D        E       F      G
               +--------+--------+--------+--------+--------+-----+--------+
         Total |   1968 |   1856 |    112 |     56 |   1422 |   3 |  656.0 |
       Dungeon |   1968 |   1856 |    112 |     56 |   1422 |   3 |  656.0 |
               +--------+--------+--------+--------+--------+-----+--------+

Top non-repeatable levels by time:
     D:2: 961 daAuts
     D:1: 856 daAuts
     D:3: 150 daAuts
